 Dungeon Crawl Stone Soup version 0.21-a0-426-g98080a9 (webtiles) character file.

9918 theanonym the Spear-Bearer (level 11, 20/87 HPs)
             Began as a Mummy Fighter on Nov 7, 2017.
             Was an Initiate of Gozag.
             Quit the game on level 1 of the Lair of Beasts.
             The game lasted 00:49:28 (14799 turns).

theanonym the Spear-Bearer (Mummy Fighter)         Turns: 14799, Time: 00:49:29

Health: 20/87      AC: 20    Str: 23    XL:     11   Next: 29%
Magic:  11/11      EV:  5    Int:  7    God:    Gozag
Gold:   1119       SH:  0    Dex: 17    Spells: 10/10 levels left

rFire    + . .     SeeInvis .   a - +0 trident
rCold    + + .     Gourm    .   c - +0 shield
rNeg     + + +     Faith    .   D - +7 chain mail "Powal" {rElec rF+}
rPois    ∞         Spirit   .   C - +0 helmet
rElec    +         Reflect  .   x - +0 cloak
rCorr    +         Harm     .   v - +0 pair of gloves
MR       ++...                  i - +0 pair of boots
Stlth    ..........             (no amulet)
HPRegen  0.24/turn              m - ring of protection from magic
MPRegen  0.12/turn              h - ring of resist corrosion

@: agile, resistant, flying, held, hasted, very quick
A: no food or potions, fire vulnerability, cold resistance 1, negative energy
resistance 3, torment resistance, unbreathing
a: Potion Petition, Call Merchant, Bribe Branch, Renounce Religion


Innate Abilities, Weirdness & Mutations

You do not eat or drink.
Your flesh is vulnerable to fire.
You are immune to poison.
Your flesh is cold resistant. (rC+)
You are immune to negative energy. (rN+++)
You are immune to unholy pain and torment.
You can survive without breathing.


   Skills:
 + Level 8.3 Fighting
 + Level 12.9 Polearms
 - Level 3.0 Armour
 + Level 3.4 Shields


You had 10 spell levels left.
You didn't know any spells.

Skill      XL: |  1  2  3  4  5  6  7  8  9 10 11 |
---------------+----------------------------------+-----
Polearms       | 2 4 5 7 9 11 12 | 12.9
Armour         | 3 |  3.0
Shields        | 3 |  3.4
Fighting       | 7 8 |  8.3

Action                   |  1- 3 |  4- 6 |  7- 9 | 10-12 || total
-------------------------+-------+-------+-------+-------++-------
Melee: Trident           |   146 |   336 |   583 |   570 ||  1635
Throw: Tomahawk          |       |    11 |    24 |    34 ||    69
Invok: Potion Petition   |       |       |     1 |     2 ||     3
Evoke: Wand              |       |       |    13 |    22 ||    35
  Use: Scroll            |     2 |     1 |    12 |     5 ||    20
 Stab: Distracted        |       |       |     2 |       ||     2
       Confused          |       |       |       |     3 ||     3
Armor: Ring mail         |    74 |       |     7 |       ||    81
       Scale mail        |       |   123 |    64 |       ||   187
       Chain mail        |       |       |   123 |   324 ||   447
Dodge: Dodged            |    60 |    90 |    99 |    95 ||   344
Block: Shield            |    82 |   153 |   175 |   234 ||   644

Inventory:

Hand Weapons
 a - a +0 trident (weapon)
 j - a +0 trident
   (You found it on level 9 of the Dungeon)
 y - a +0 trident
   (You took it off an orc on level 10 of the Dungeon)
 H - a +0 broad axe
   (You took it off an orc warrior on level 11 of the Dungeon)
Missiles
 o - a steel tomahawk
 E - 3 tomahawks of returning
Armour
 c - a +0 shield (worn)
 i - a +0 pair of boots (worn)
   (You found it on level 2 of the Dungeon)
 v - a +0 pair of gloves (worn)
   (You found it on level 5 of the Dungeon)
 x - a +0 cloak (worn)
   (You found it on level 6 of the Dungeon)
 C - a +0 helmet (worn)
   (You found it on level 8 of the Dungeon)
 D - the +7 chain mail "Powal" (worn) {rElec rF+}
   (You found it on level 9 of the Dungeon)

   It protects you from fire.
   It insulates you from electricity.
Jewellery
 h - a ring of resist corrosion (right hand)
   (You took it off an orc on level 8 of the Dungeon)
 m - a ring of protection from magic (left hand)
   (You found it on level 2 of the Dungeon)
Wands
 f - a wand of clouds (0/9)
   (You found it on level 8 of the Dungeon)
 l - a wand of polymorph (0/24)
   (You found it on level 2 of the Dungeon)
 w - a wand of flame (0/48)
   (You found it on level 5 of the Dungeon)
 z - a wand of iceblast (0/15)
   (You found it on level 7 of the Dungeon)
 B - a wand of disintegration (0/24)
   (You found it on level 10 of the Dungeon)
 G - a wand of iceblast (6/15)
   (You found it on level 11 of the Dungeon)
Scrolls
 d - 4 scrolls of enchant armour {unknown}
 e - 5 scrolls of teleportation {!r}
 g - 2 scrolls of amnesia
 k - 4 scrolls of fog {!r}
 n - 5 scrolls of enchant weapon
 p - a scroll of immolation {unknown}
 r - a scroll of identify
 s - a scroll of brand weapon {unknown}
 t - a scroll of recharging
 u - 7 scrolls of remove curse
 A - 3 scrolls of magic mapping {!r}
Books
 b - a book of Maledictions
   (You found it on level 9 of the Dungeon)

   Spells                             Type                      Level
   a - Corona                         Hexes                        1
   b - Ensorcelled Hibernation        Hexes/Ice                    2
   c - Confuse                        Hexes                        3
   d - Tukima's Dance                 Hexes                        3
   e - Dazzling Spray                 Conjuration/Hexes            3
 F - a book of Unlife
   (You found it on level 11 of the Dungeon)

   Spells                             Type                      Level
   a - Recall                         Summoning/Translocation      3
   b - Animate Dead                   Necromancy                   4
   c - Control Undead                 Necromancy                   4
   d - Cigotuvi's Embrace             Necromancy                   5
   e - Death Channel                  Necromancy                   6
   f - Simulacrum                     Ice/Necromancy               6

Dungeon Overview and Level Annotations

Branches:
Dungeon (11/15)            Temple (0/1) D:4            Lair (1/6) D:11
    Orc (1/2) D:9

Altars:
Ashenzari
Elyvilon
Fedhas
Gozag
Hepliaklqana
Makhleb
Qazlal
Trog
Uskayaw
Xom
The Shining One

Shops:
D:9 (   D:10 *

Annotations:
D:4 1 exclusion
Lair:1 Harold; zero's ghost, journeyman GrBe
Orc:1 Urug


You were on level 1 of the Lair of Beasts.
You worshipped Gozag.
Gozag was most pleased with you.
You were not hungry.

You visited 3 branches of the dungeon, and saw 13 of its levels.

You collected 2111 gold pieces.
You paid 992 gold pieces to Gozag.


Message History

Here: zero's ghost (heavily damaged)
A hand crossbow.
The floor.
Unknown command.
A komodo dragon comes into view.
Harold the Weathered comes into view.
He is wielding a mace.
Harold shouts!
Harold considers, "I think I'll use your bounty to get a cottage in the woods..."
Harold throws a throwing net.
The throwing net hits you.
You become entangled in the net!
You see here a throwing net.
You struggle against the net.
Zero's ghost hits you but does no damage.
Really read
e - 6 scrolls of teleportation {!r}?
As you read the scroll of teleportation {!r}, it crumbles to dust.
You feel strangely unstable. Zero's ghost hits you.
* * * LOW HITPOINT WARNING * * *
You create a blast of freezing vapour!
This wand has 1 charge left.
The komodo dragon is engulfed in freezing vapours.
Harold is engulfed in freezing vapours.
Zero's ghost is engulfed in freezing vapours.
Zero's ghost hits you.
* * * LOW HITPOINT WARNING * * *
You take 1 damage, and have 36/87 hp.
You tear a large gash into the net.
The komodo dragon is engulfed in freezing vapours.
Harold is engulfed in freezing vapours.
Harold points at you and mumbles some strange words.
You hear a sizzling sound!
Zero's ghost is engulfed in freezing vapours.
Zero's ghost hits you but does no damage.
You struggle against the net.
Your surroundings suddenly seem different.
Found a dagger.
Found a stone staircase leading down.
You start resting.
You regained 24 hp, and now have 61/87 hp.
The komodo dragon hisses angrily.
Zero's ghost turns its malevolent gaze towards you.
You block the komodo dragon's attack.
Zero's ghost shouts, "Death is your only future!"
Harold shouts!
Harold throws a throwing net.
The throwing net hits you.
You become entangled in the net!
You see here a throwing net.
You struggle against the net.
The komodo dragon bites you.
You take 5 damage, and have 59/87 hp.
You struggle against the net.
The komodo dragon bites you!
You take 15 damage, and have 44/87 hp.
You create a blast of poison gas!
This wand has 0 charges left.
Zero's ghost yells, "Who would have thought, even in death it is a pleasure to sever!"
The komodo dragon is engulfed in poison gas.
The komodo dragon is poisoned.
The komodo dragon bites you but does no damage.
You struggle against the net.
The komodo dragon is engulfed in poison gas.
The komodo dragon looks even sicker.
The komodo dragon bites you.
* * * LOW HITPOINT WARNING * * *
You take 2 damage, and have 42/87 hp. [a] - 540 gold - haste, agility, resistance and flight [b] - 294 gold - resistance and agility [c] - 609 gold - haste, brilliance, flight, agility and invisibility Purchase which effect?
You feel yourself speed up.
You feel agile all of a sudden.
You feel protected.
You feel very buoyant.
You fly up into the air.
Zero's ghost hits you but does no damage.
The komodo dragon is engulfed in poison gas.
The komodo dragon looks even sicker.
The komodo dragon bites you!
* * * LOW HITPOINT WARNING * * *
You take 11 damage, and have 31/87 hp.
Really read
q - a scroll of fear {!r}?
As you read the scroll of fear {!r}, it crumbles to dust.
You assume a fearsome visage.
Harold looks frightened!
The komodo dragon looks frightened!
Zero's ghost is unaffected.
Zero's ghost hits you but does no damage.
You struggle against the net.
Harold gestures wildly while chanting.
Harold blinks!
The komodo dragon is engulfed in poison gas.
The komodo dragon looks as sick as possible!
Zero's ghost hits you!
* * * LOW HITPOINT WARNING * * *
You take 12 damage, and have 20/87 hp.
Okay, then.
Level annotation: Harold; zero's ghost, journeyman GrBe Welcome back, theanonym the Mummy Fighter.
Gozag says: Greed is good.
Unknown command.
Unknown command.
Level annotation: Harold; zero's ghost, journeyman GrBe Welcome back, theanonym the Mummy Fighter.
Gozag says: Greed is good.
Level annotation: Harold; zero's ghost, journeyman GrBe Lua error: /dgldir/rcfiles/crawl-git/theanonym.rc:88: 'then' expected near '=' Welcome back, theanonym the Mummy Fighter.
Gozag says: Greed is good.
Save game and exit?
Level annotation: Harold; zero's ghost, journeyman GrBe Welcome back, theanonym the Mummy Fighter.
Gozag says: Greed is good.

###############.
#.<................
#..................
#####.####..# ......#
########.P###.###.......
........................
##.#..#......#.#.##.....
...[.....§..............
#......@#.##.@......###. ##
#...@.W§#.##........#.##
#........§l§...............
..####..§§§##.##.......#.P
......§§§§§..............
##.#####.....###.###..###
#.##..P##.#.....###.####.#.#
.
............................
#.
#.###.W#.......P###...#.#.P


You could see Harold (fleeing), a komodo dragon (fleeing) and zero's ghost.

Notes
Turn   | Place    | Note
-------+----------+-------------------------------------------
     0 | D:1      | theanonym the Mummy Fighter began the quest for the Orb.
     0 | D:1      | Reached XP level 1. HP: 18/18 MP: 1/1
   136 | D:1      | Reached XP level 2. HP: 24/24 MP: 2/2
   205 | D:1      | Reached skill level 2 in Polearms
   215 | D:1      | HP: 9/24 [gnoll/spear (8)]
   222 | D:1      | HP: 8/24 [bat (1)]
   237 | D:1      | HP: 3/24 [gnoll/spear (6)]
   241 | D:1      | HP: 1/24 [jackal (2)]
   250 | D:1      | HP: 1/24 [bat (1)]
   762 | D:1      | DEFE: yo
   762 | D:1      | theanonym: Ты бы как играл мумией?
   762 | D:1      | theanonym: !lg . mu s=killer
   762 | D:1      | beem: 20 games for theanonym (mu): 2x a worm, 2x an orc priest, 2x a jackal, an adder, a yak, Mathinus's ghost, a killer bee zombie, a komodo dragon, a wyvern skeleton, an ooze, an orc wizard, a spiny frog, a steam dragon, a two-headed ogre, a hobgoblin, a gnoll, a centaur
   762 | D:1      | DEFE: http://crawl.xtahua.com/crawl/morgue/DEFE/morgue-DEFE-20150913-165208.txt
   762 | D:1      | DEFE: Вот так бы я играл
   762 | D:1      | DEFE: Я бы лонг только взял
   762 | D:1      | DEFE: а не трайдент
   762 | D:1      | DEFE: просто потому, что хороший лонг проще найти чем хороший трайдент
   762 | D:1      | DEFE: ну из одноручного
   762 | D:1      | theanonym: Я под саммон
   762 | D:1      | theanonym: Но тогда надо интеллект повышать
   762 | D:1      | theanonym: А без силы опять дохнуть
   762 | D:1      | DEFE: а зачем тебе саммоны?
   762 | D:1      | theanonym: Последние 3 победы милишниками были, надоело
   762 | D:1      | Reached XP level 3. HP: 29/29 MP: 3/3
  1134 | D:1      | DEFE: тогда не бери Fi
  1315 | D:1      | theanonym: А что?
  1390 | D:2      | DEFE: FE, Wz, EE, IE
  1448 | D:2      | Reached XP level 4. HP: 34/35 MP: 4/4
  1534 | D:2      | DEFE: Ну и веха тогда уж
  1534 | D:2      | theanonym: Умирают
  1553 | D:2      | DEFE: что поделать
  1572 | D:2      | Found a stormy altar of Qazlal.
  1636 | D:2      | Found a hide-covered altar of Uskayaw.
  1637 | D:2      | Noticed a hand axe
  1638 | D:2      | Noticed a hand axe
  1746 | D:2      | Found a hazy altar of Hepliaklqana.
  1827 | D:2      | DEFE: Чем плохи полеармы
  2062 | D:2      | DEFE: так это тем, что после трайдента идет сразу демон трайдент
  2078 | D:2      | DEFE: а его тяжело найти
  2078 | D:2      | theanonym: Били бы они на два тайла
  2078 | D:2      | theanonym: Всё равно хуже топоров, но хоть какой-то смысл
  2090 | D:2      | DEFE: нк
  2397 | D:3      | DEFE: топор на мумии хорош только к экстенду
  2409 | D:3      | Reached skill level 3 in Armour
  2411 | D:3      | DEFE: т.к. нужно очень много сикилла
  2411 | D:3      | DEFE: в начале чтолько нет
  2471 | D:3      | DEFE: а кстати я как-тоиграл мумией с лонгами
  2487 | D:3      | DEFE: с полеармами тобишь
  2490 | D:3      | DEFE: вполне успешно
  2541 | D:3      | DEFE: тоже с гозагом
  2661 | D:3      | DEFE: не смог выйграть только из-за бага
  2726 | D:3      | Found a shimmering altar of Xom.
  2742 | D:3      | Reached skill level 3 in Shields
  2914 | D:3      | theanonym: Мне кажется я умираю файтерами потому что качаю армор и щит
  2914 | D:3      | DEFE: да
  2914 | D:3      | theanonym: !lg . class=fi s=place
  2914 | D:3      | beem: 24 games for theanonym (class=fi): 4x D:2, 3x D:6, 2x Lair:2, 2x D:4, 2x D:7, D:5, D:$, D:3, Shoals:4, D:8, D:9, Pan, Lair:1, IceCv, D:11, Swamp:2
  2914 | D:3      | DEFE: не качай армор и щит
  2914 | D:3      | DEFE: качай полеармы
  2933 | D:3      | DEFE: файтинг тоже выруби
  2933 | D:3      | DEFE: уровня до 10ого
  2933 | D:3      | theanonym: Даже так
  2933 | D:3      | theanonym: Не пробовал
  2934 | D:3      | Reached XP level 5. HP: 42/42 MP: 5/5
  2961 | D:3      | Found a blossoming altar of Fedhas.
  3028 | D:3      | Reached skill level 3 in Polearms
  3033 | D:3      | Found a bloodstained altar of Trog.
  3033 | D:3      | Found an opulent altar of Gozag.
  3037 | D:3      | Found a shattered altar of Ashenzari.
  3077 | D:3      | Became a worshipper of Gozag Ym Sagoz the Greedy
  3495 | D:4      | Found a white marble altar of Elyvilon.
  3497 | D:4      | Noticed Edmund
  3524 | D:4      | Killed Edmund
  3524 | D:4      | Reached skill level 4 in Polearms
  3524 | D:4      | Reached XP level 6. HP: 30/48 MP: 1/6
  3906 | D:4      | Noticed an orc warrior
  3907 | D:4      | DEFE: лол
  3907 | D:4      | DEFE: беги
  3907 | D:4      | theanonym: Сейчас огня накидают
  3949 | D:3      | DEFE: смайтов накидают
  4074 | D:4      | Reached skill level 5 in Polearms
  4520 | D:4      | Reached XP level 7. HP: 47/53 MP: 7/7
  4834 | D:4      | Found a staircase to the Ecumenical Temple.
  4923 | D:4      | Reached skill level 6 in Polearms
  5007 | D:5      | Entered Level 5 of the Dungeon
  5115 | D:5      | Noticed Ijyb
  5121 | D:5      | HP: 20/53 [Ijyb/wand of flame (?/48) (9)]
  5502 | D:5      | Noticed Ijyb
  5502 | D:5      | Ijyb changed into Ijyb the scorpion
  5513 | D:5      | Killed Ijyb the scorpion
  5830 | D:5      | Reached skill level 7 in Polearms
  5949 | D:5      | Reached XP level 8. HP: 59/60 MP: 8/8
  6085 | D:5      | Found a glowing golden altar of the Shining One.
  6655 | D:7      | Noticed Pikel
  6795 | D:7      | Found a runed door.
  6799 | D:7      | Noticed Crazy Yiuf
  6805 | D:7      | Killed Crazy Yiuf
  6872 | D:6      | Killed Pikel
  6872 | D:6      | Reached skill level 8 in Polearms
  7064 | D:7      | Noticed Prince Ribbit
  7077 | D:7      | Killed Prince Ribbit
  7077 | D:7      | Reached skill level 9 in Polearms
  7141 | D:7      | Found a burning altar of Makhleb.
  7308 | D:7      | Reached XP level 9. HP: 57/65 MP: 9/9
  7932 | D:8      | Reached skill level 10 in Polearms
  8170 | D:8      | theanonym: Так чё до 10 уровня оружие качать?
  8775 | D:8      | HP: 23/65 [orc warrior/glaive (24)]
  9009 | D:9      | Noticed a cyclops
  9070 | D:9      | Reached skill level 11 in Polearms
  9203 | D:9      | Got a scorched chain mail
  9323 | D:9      | Identified the +7 chain mail "Powal" {rElec rF+} (You found it on level 9 of the Dungeon)
  9373 | D:9      | Found Sehir's Weapon Shop.
  9524 | D:9      | Found a staircase to the Orcish Mines.
  9533 | D:9      | Noticed a troll
  9702 | D:9      | Reached XP level 10. HP: 71/71 MP: 10/10
  9881 | D:10     | Entered Level 10 of the Dungeon
  9918 | Orc:1    | Entered Level 1 of the Orcish Mines
  9959 | D:9      | Reached skill level 4 in Fighting
 10122 | D:9      | HP: 34/72 [orc warrior/battleaxe (4)]
 10648 | D:9      | Reached skill level 5 in Fighting
 10790 | Orc:1    | Noticed Urug
 10910 | D:10     | theanonym: Бля эти ансин хорроры
 10910 | D:10     | theanonym: Если не нашёл кольцо невозможно убить
 10910 | D:10     | theanonym: @?unseen horror
 10910 | D:10     | beem: unseen horror (x)
                  | Spd:
    30 | HD: 7    | HP: 32-47
                  | AC/EV: 5/10
                  | Dam: 12
                  | see invisible
                  | Res: magic(20)
                  | XP:
   735 | Sz: Medium | Int: animal.
 10916 | D:10     | HP: 33/74 [something (8)]
 10921 | D:10     | Killed an unseen horror
 10921 | D:10     | Reached skill level 12 in Polearms
 11128 | D:10     | Found Xunodgh's Assorted Antiques.
 11268 | D:10     | Reached skill level 6 in Fighting
 11679 | D:10     | DEFE: о
 11679 | D:10     | DEFE: ты еще жив
 11679 | D:10     | DEFE: что за нож
 11679 | D:10     | DEFE: у верхнего кобольда?
 11679 | D:10     | ololoev: дотабулировался, сейчас тебя кобольды на лоскуты разберут
 11820 | D:10     | theanonym: Я бы их вандом облаков убил
 12143 | D:11     | Found a staircase to the Lair.
 12184 | D:11     | Reached skill level 7 in Fighting
 12357 | D:11     | Noticed a five-headed hydra
 12370 | D:11     | HP: 35/79 [five-headed hydra (6)]
 12926 | D:11     | Reached XP level 11. HP: 80/84 MP: 11/11
 12927 | D:11     | theanonym: Как там магазины гозака использовать?
 12941 | D:11     | Found a burning altar of Makhleb.
 13208 | D:11     | HP: 42/84 [five-headed hydra (2)]
 13228 | D:11     | HP: 33/84 [five-headed hydra (2)]
 13239 | D:11     | HP: 27/84 [five-headed hydra (10)]
 13928 | D:10     | HP: 37/85 [five-headed hydra (12)]
 13934 | D:10     | HP: 30/85 [five-headed hydra (7)]
 13936 | D:10     | Killed a five-headed hydra
 13936 | D:10     | Reached skill level 8 in Fighting
 13972 | Lair:1   | Entered Level 1 of the Lair of Beasts
 13996 | Lair:1   | HP: 37/86 [bullfrog (6)]
 14607 | Lair:1   | Noticed zero's ghost (journeyman GrBe)
 14638 | Lair:1   | HP: 41/87 [zero's ghost (11)]
 14644 | Lair:1   | HP: 31/87 [zero's ghost (11)]
 14670 | Lair:1   | Noticed Harold
 14672 | Lair:1   | HP: 37/87 [zero's ghost (1)]
 14795 | Lair:1   | HP: 42/87 [komodo dragon (2)]
 14798 | Lair:1   | HP: 20/87 [zero's ghost (12)]
 14799 | Lair:1   | DEFE: блинк
 14799 | Lair:1   | theanonym: Да смысл
 14799 | Lair:1   | theanonym: Меня всю игру будут пиздить
 14799 | Lair:1   | theanonym: 1
 14799 | Lair:1   | theanonym: !lg * killer=starving
 14799 | Lair:1   | beem: No games for * (killer=starving).
 14799 | Lair:1   | theanonym: ??lg
 14799 | Lair:1   | beem: listgame[1/5]: !lg command displays info about past games. The manual is available here: https://github.com/crawl/sequell/blob/master/docs/listgame.md
 14799 | Lair:1   | theanonym: !lg * killer=hunger
 14799 | Lair:1   | beem: No games for * (killer=hunger).
 14799 | Lair:1   | Quit the game

Vanquished Creatures
  A hydra (D:10)
  An unseen horror (D:10)
  Pikel (D:6)
  A rime drake (Lair:1)
  A komodo dragon (D:11)
  3 trolls
  2 hippogriffs
  Prince Ribbit (D:7)
  A steam dragon (D:11)
  2 wraiths
  4 yaks (D:9)
  A warg (Orc:1)
  An acid dragon (D:11)
  Edmund (D:4)
  A porcupine (Lair:1)
  8 orc warriors
  A phantom (D:7)
  2 sky beasts
  A black bear (D:11)
  A slave (D:6)
  A necrophage (D:10)
  3 ogres
  An eye of draining (D:8)
  2 ice beasts
  3 centaurs
  6 wolves (Lair:1)
  A crocodile (Lair:1)
  3 bullfrogs
  3 big kobolds
  A wyvern zombie (D:10)
  2 wyvern skeletons
  3 scorpions
  A howler monkey (D:4)
  A bullfrog zombie (D:8)
  6 crimson imps
  2 quasits
  3 iron imps (D:7)
  4 hounds
  Crazy Yiuf (D:7)
  10 orc priests
  9 orc wizards
  3 centaur skeletons
  2 iguanas
  3 worker ants
  A hound zombie (D:5)
  4 gnolls
  9 adders
  2 shadow imps
  An ooze (D:1)
  An adder zombie (D:5)
  2 adder skeletons
  2 worms (D:5)
  6 dart slugs
  7 leopard geckos
  45 orcs
  4 giant cockroaches
  8 goblins
  6 hobgoblins
  10 jackals
  16 kobolds
  9 quokkas
  15 bats
  7 frilled lizards
  2 quokka skeletons (D:4)
  10 rats
276 creatures vanquished.

Vanquished Creatures (others)
  A fungus (Lair:1)
  2 plants (D:11)
3 creatures vanquished.

Grand Total: 279 creatures vanquished
